 Dungeon Crawl Stone Soup version 0.28.0-53-g5a82cb258f (console) character file.

Game seed: 16242685406821226984

2798 Banquo the Frost Mage (level 9, -3/52 HPs)
             Began as a Gargoyle Ice Elementalist on July 27, 2022.
             Was a Follower of Vehumet.
             Shot with a bolt by an orc warrior (9 damage)
             ... in a bailey on July 28, 2022.
             The game lasted 00:37:11 (8931 turns).

Banquo the Frost Mage (Gargoyle Ice Elementalist)   Turns: 8931, Time: 00:37:12

Health: -3/52      AC: 20    Str: 13    XL:     9   Next: 71%
Magic:  20/20      EV: 12    Int: 19    God:    Vehumet [*.....]
Gold:   300        SH:  0    Dex: 10    Spells: 14/22 levels left

rFire   . . .      SeeInvis .   D - +3 arbalest
rCold   . . .      Faith    .   (shield currently unavailable)
rNeg    + . .      Spirit   .   d - +0 troll leather armour
rPois   ∞          Reflect  .   h - +0 helmet
rElec   +          Harm     .   e - +0 cloak
rCorr   .          Rampage  .   g - +0 pair of gloves
Will    .....                   (no boots)
Stlth   ++........              (no amulet)
HPRegen 0.97/turn               (no ring)
MPRegen 0.17/turn               (no ring)

@: ice-armoured
A: sickness immunity, AC +6, negative energy resistance 1, electricity
resistance, torment resistance 1, petrification resistance
a: Renounce Religion


You were in a bailey.
You worshipped Vehumet.
Vehumet was aware of your devotion.
You visited 2 branches of the dungeon, and saw 8 of its levels.
You also visited: Bailey.

You collected 355 gold pieces.
You spent 55 gold pieces at shops.

Inventory:

Hand Weapons
 a - a +3 whip of electrocution
 b - a +4 spear of flaming
 s - a +0 arbalest
 x - a +0 dagger of freezing
 y - a +1 flail of venom
 z - a +0 rapier
 D - a +3 arbalest (weapon)
Missiles
 c - 193 stones
 q - 5 datura-tipped darts
 r - 9 poisoned darts
 v - 4 boomerangs
 A - 195 bolts (quivered ammo)
Armour
 d - a +0 troll leather armour (worn)
 e - a +0 cloak (worn)
 g - a +0 pair of gloves (worn)
 h - a +0 helmet (worn)
 J - +0 steam dragon scales
Magical Staves
 j - a staff of poison
 G - a staff of conjuration
Wands
 w - a wand of mindburst (13)
 B - a wand of digging (8)
Scrolls
 i - 2 scrolls of immolation
 k - 3 scrolls of teleportation
 o - 2 scrolls of vulnerability
 F - 2 scrolls of enchant weapon
 I - a scroll of fear
Potions
 f - a potion of flight {unknown}
 l - a potion of brilliance
 m - a potion of attraction {unknown}
 n - a potion of heal wounds
 p - 3 potions of curing {unknown}
 t - 3 potions of lignification {unknown}
 u - a potion of might
 C - a potion of ambrosia
 E - a potion of haste
 H - a potion of resistance


   Skills:
 * Level 4.4 Fighting
 * Level 2.8 Armour
 * Level 3.6 Dodging
 - Level 2.1 Stealth
 * Level 7.3 Spellcasting
 * Level 3.3 Conjurations
 * Level 8.5 Ice Magic


You had 14 spell levels left.
You knew the following spells:

 Your Spells              Type           Power      Damage    Failure   Level
a - Freeze                Ice            100%       1d11      1%          1
o - Ozocubu's Armour      Ice            39%        N/A       1%          3
r - Frozen Ramparts       Ice            78%        1d9       1%          3
z - Magic Dart            Conj           76%        1d6       3%          1

Your spell library contained the following spells:

 Spells                   Type           Power      Damage    Failure   Level
 Hailstorm                Conj/Ice       29%        3d8       11%         4


Dungeon Overview and Level Annotations

Branches:
Dungeon (7/15)             Temple (1/1) D:4          Bailey (1/1)

Altars:
Ashenzari
Cheibriados
Dithmenos
Elyvilon
Fedhas
Gozag
Hepliaklqana
Kikubaaqudgha
Makhleb
Nemelex Xobeh
Okawaru
Qazlal
Ru
Sif Muna
Trog
Uskayaw
Vehumet
Wu Jian
Xom
Yredelemnul
Zin
The Shining One

Shops:
D:3 !


Innate Abilities, Weirdness & Mutations

You are immune to sickness and miasma.
Your stone body is resilient. (AC +6)
You are immune to poison.
You resist negative energy. (rN+)
You are resistant to electric shocks. (rElec)
You are resistant to unholy torment.
You are immune to petrification.


Message History

Fire: 199 bolts
Press: ? - help, Q - select action, (/) - cycle Shift-Dir - straight line, f/p - orc warrior
Aim: an orc warrior, wielding a +0 arbalest, wearing a +0 ring mail and quivering bolts (55% to hit)
You shoot a bolt. The bolt hits the orc warrior!
The orc warrior is moderately wounded.
You hear a splash.
The orc warrior shoots a bolt.
The bolt hits you but does no damage.
The orc shoots a bolt.
The bolt closely misses you.
The orc warrior shoots a bolt.
The bolt hits you!
* * * LOW HITPOINT WARNING * * *
The orc shoots a bolt.
The bolt hits you.
* * * LOW HITPOINT WARNING * * *
Fire: 198 bolts
Press: ? - help, Q - select action, (/) - cycle Shift-Dir - straight line, f/p - orc warrior
Aim: an orc warrior, wielding a +0 arbalest, wearing a +0 ring mail and quivering bolts (moderately wounded, 55% to hit)
You shoot a bolt. The bolt hits the orc warrior.
The orc warrior is heavily wounded.
You hear a splash.
The orc shoots a bolt.
The bolt barely misses you.
The orc shoots a bolt.
The bolt hits you but does no damage.
Unknown command.
Fire: 197 bolts
Press: ? - help, Q - select action, (/) - cycle Shift-Dir - straight line, f/p - orc warrior
Aim: an orc warrior, wielding a +0 arbalest, wearing a +0 ring mail and quivering bolts (heavily wounded, 55% to hit)
You shoot a bolt.
The bolt hits the orc warrior but does no damage.
The orc warrior is heavily wounded.
The orc warrior shoots a bolt.
The bolt barely misses you.
The orc shoots a bolt.
The bolt closely misses you.
The orc warrior shoots a bolt.
The bolt hits you!
* * * LOW HITPOINT WARNING * * *
The orc shoots a bolt.
The bolt barely misses you.
Fire: 196 bolts
Press: ? - help, Q - select action, (/) - cycle Shift-Dir - straight line, f/p - orc warrior
Aim: an orc warrior, wielding a +0 arbalest, wearing a +0 ring mail and quivering bolts (heavily wounded, 55% to hit)
You shoot a bolt. The bolt barely misses the orc warrior.
The orc warrior shoots a bolt.
The bolt closely misses you.
The orc shoots a bolt.
The bolt hits you but does no damage.
The orc warrior shoots a bolt.
The bolt hits you!
You die...

≈≈≈≈≈≈≈≈≈≈# #≈≈≈≈
≈≈≈≈≈≈≈≈≈≈# #≈≈≈≈≈
≈#)##≈≈≈≈≈#######≈≈≈≈≈#
##.∩#≈≈≈≈≈≈≈≈≈≈≈≈≈≈≈≈≈#∩
#....≈≈≈≈≈≈≈≈≈≈≈≈≈≈≈o()o
##.##≈≈≈≈≈≈≈≈≈≈≈≈≈≈≈≈≈##
≈###≈≈≈≈≈≈≈≈≈≈≈≈≈≈≈≈≈≈≈#
≈≈≈≈≈≈≈≈≈)≈≈≈≈≈≈≈≈≈≈≈≈≈≈
................@.......
........................
........................
........................
########################


You could see an orc warrior and an orc.

Vanquished Creatures
  Pikel (D:6)
  A kobold demonologist (D:7)
  A troll (D:5)
  A steam dragon (D:6)
  4 orc warriors
  A black bear (D:6)
  A sky beast (D:5)
  2 lemures (D:6)
  A kobold brigand (D:6)
  3 scorpions
  A wyvern skeleton (D:6)
  A water moccasin zombie (D:6)
  A bullfrog zombie (D:5)
  A centaur zombie (D:5)
  2 jellies
  A bullfrog skeleton (D:5)
  5 orc priests
  6 orc wizards
  2 hound zombies (D:5)
  A hound skeleton (D:4)
  4 gnolls
  7 adders
  An adder skeleton (D:4)
  A worm (D:4)
  5 dart slugs
  26 orcs
  7 ball pythons
  7 endoplasms
  4 giant cockroaches
  10 goblins
  10 hobgoblins
  9 kobolds
  2 quokkas
  7 bats
  4 frilled lizards
  5 rats
146 creatures vanquished.

Vanquished Creatures (collateral kills)
  A gnoll sergeant (D:6)
  2 gnolls (D:6)
3 creatures vanquished.

Vanquished Creatures (others)
  3 demonic plants (D:1)
  2 fungi (D:1)
  A plant (D:1)
  2 withered plants (D:1)
8 creatures vanquished.

Grand Total: 157 creatures vanquished

Notes
Turn   | Place    | Note
-------+----------+-------------------------------------------
     0 | D:1      | Banquo the Gargoyle Ice Elementalist began the quest for
                  | the Orb.
     0 | D:1      | Reached XP level 1. HP: 10/10 MP: 3/3
   163 | D:1      | Found a faded altar of an unknown god.
   175 | D:1      | Reached XP level 2. HP: 16/16 MP: 1/5
   552 | D:1      | Reached XP level 3. HP: 20/20 MP: 2/6
   557 | D:1      | Learned a level 3 spell: Frozen Ramparts
  1466 | D:2      | Reached skill level 1 in Fighting
  1502 | D:2      | Reached XP level 4. HP: 25/25 MP: 4/7
  1506 | D:2      | Learned a level 3 spell: Ozocubu's Armour
  2550 | D:3      | Found Xeureco's Distillery.
  2564 | D:3      | Bought a potion of heal wounds for 55 gold pieces
  3130 | D:3      | Reached skill level 5 in Ice Magic
  3130 | D:3      | Reached XP level 5. HP: 29/29 MP: 2/9
  3486 | D:3      | Reached XP level 6. HP: 21/35 MP: 0/11
  4038 | D:3      | Found Xeureco's Distillery.
  4903 | D:4      | Noticed an orc warrior
  4953 | D:4      | Killed an orc warrior
  5401 | D:4      | Reached skill level 6 in Ice Magic
  5401 | D:4      | Reached XP level 7. HP: 40/40 MP: 8/13
  5657 | D:4      | Found a basalt altar of Yredelemnul.
  5746 | D:4      | Found a staircase to the Ecumenical Temple.
  5750 | Temple   | Entered the Ecumenical Temple
  5977 | Temple   | Became a worshipper of Vehumet
  6141 | D:5      | Entered Level 5 of the Dungeon
  6515 | D:5      | Noticed a troll
  6529 | D:5      | Killed a troll
  6530 | D:5      | Reached skill level 5 in Spellcasting
  6530 | D:5      | Reached skill level 1 in Conjurations
  6755 | D:5      | Reached XP level 8. HP: 44/45 MP: 10/15
  7260 | D:6      | Noticed Pikel
  7338 | D:6      | Reached skill level 1 in Armour
  7338 | D:6      | Reached skill level 7 in Ice Magic
  7674 | D:6      | Killed Pikel
  7674 | D:6      | Reached * piety under Vehumet
  7674 | D:6      | Offered knowledge of Magic Dart by Vehumet.
  7675 | D:6      | Reached XP level 9. HP: 40/52 MP: 3/18
  8075 | D:6      | Reached skill level 8 in Ice Magic
  8489 | D:7      | Noticed a kobold demonologist
  8497 | D:7      | Noticed a smoke demon
  8501 | D:7      | Killed a kobold demonologist
  8564 | D:7      | Found a flagged portal.
  8598 | Bailey   | Entered a bailey
  8601 | Bailey   | Learned a level 1 spell: Magic Dart
  8931 | Bailey   | Shot with a bolt by an orc warrior

Illustrated notes

Levels and vault maps discovered:
D:1:      roderic_dead_forest, layout_basic, shapermc_ecumenical_altar_gd,
          minmay_crystal_room
D:2:      layout_loops_cross, serial_rivers, chequers_serial_rivers_room_a,
          chequers_serial_rivers_large_a, chequers_serial_rivers_micro_e,
          chequers_serial_rivers_marsh
D:3:      layout_basic, serial_shops, nicolae_shop_crystal
D:4:      nicolae_cairo_tiling, layout_basic, yredelemnul_altar_generic,
          minmay_temple_entry_glassed_door
D:5:      layout_cave_pools, grunt_decor_cap, minivault_26
D:6:      layout_loops_ring, uniq_pikel
D:7:      layout_basic, enter_bailey_4, gup_ossuary_entry_pyramid,
          hangedman_decor_clover_reticule, minmay_lizard_king, uniq_duvessa
Temple:   mainiacjoe_temple_archimedes_tessellation
Bailey:   bailey_polearm_2, bailey

Skill      XL: |  1  2  3  4  5  6  7  8  9 |
---------------+----------------------------+-----
Fighting       | 1 2 3 4 |  4.4
Spellcasting   | 3 4 5 6 7 |  7.3
Dodging        | 2 3 |  3.6
Ice Magic      | 5 6 7 8 |  8.5
Conjurations   | 1 2 3 |  3.3
Armour         | 2 |  2.8
Stealth        | |  2.1

Action                   |  1- 3 |  4- 6 |  7- 9 || total
-------------------------+-------+-------+-------++-------
Melee: Unarmed           |     6 |       |       ||     6
       Short sword       |    13 |    19 |       ||    32
       Flail             |       |     4 |    56 ||    60
       Whip              |       |       |    28 ||    28
       Spear             |       |       |     2 ||     2
 Fire: Arbalest          |       |       |    24 ||    24
Throw: Stone             |       |     1 |       ||     1
 Cast: Freeze            |    55 |    87 |    75 ||   217
       Ozocubu's Armour  |       |     3 |    21 ||    24
       Frozen Ramparts   |       |     1 |    14 ||    15
       Magic Dart        |       |       |    12 ||    12
  Use: Scroll            |       |       |    14 ||    14
 Stab: Sleeping          |       |     2 |     1 ||     3
Armor: Robe              |    18 |    30 |    31 ||    79
       Troll leather arm |       |       |    75 ||    75
Dodge: Dodged            |    42 |    36 |   126 ||   204
